 Dungeon Crawl Stone Soup version 0.26-a0-651-gb41185065b (webtiles) character file.

Game seed: 17620949078629945217

47 Lanoc the Ducker (level 3, 0/21 HPs)
             Began as a Deep Elf Gladiator on Oct 20, 2020.
             Succumbed to an adder's poison
             ... on level 2 of the Dungeon.
             The game lasted 00:01:17 (1237 turns).

Lanoc the Ducker (Deep Elf Gladiator)               Turns: 1237, Time: 00:01:18

Health: 0/21       AC:  4    Str: 11    XL:     3   Next: 48%
Magic:  5/5        EV: 14    Int: 13    God:
Gold:   86         SH:  0    Dex: 16    Spells: 2/2 levels left

rFire    . . .     SeeInvis .   l - +0 lajatang
rCold    . . .     Faith    .   (shield currently unavailable)
rNeg     . . .     Spirit   .   b - +0 leather armour
rPois    .         Reflect  .   c - +0 helmet
rElec    .         Harm     .   (no cloak)
rCorr    .         Rampage  .   (no gloves)
MR       .....                  (no boots)
Stlth    +.........             a - amulet of regeneration
HPRegen  0.47/turn              (no ring)
MPRegen  0.09/turn              (no ring)

@: mighty, lethally poisoned (0 -> 0), flying
A: no striking features
a: no special abilities


You were on level 2 of the Dungeon.
You visited 1 branch of the dungeon, and saw 2 of its levels.

You collected 86 gold pieces.

Inventory:

Hand Weapons
 l - a +0 lajatang (weapon)
Missiles
 d - 3 throwing nets (quivered)
Armour
 b - a +0 leather armour (worn)
 c - a +0 helmet (worn)
Jewellery
 a - an amulet of regeneration (around neck)
Scrolls
 e - a scroll of teleportation {unknown}
 f - 2 scrolls of amnesia {unknown}
 h - 4 scrolls of identify {unknown}
 j - a scroll of immolation {unknown}
Potions
 k - a potion of degeneration {unknown}


   Skills:
 + Level 2.1 Fighting
 * Level 3.8 Staves
 - Level 2.0 Throwing
 + Level 4.2 Dodging


You had 2 spell levels left.
You didn't know any spells.
Your spell library was empty.

Dungeon Overview and Level Annotations

Branches:
Dungeon (2/15)

Altars:


Message History

The rat bites you but does no damage.
You miss the adder.
You feel sick. The adder bites you but does no damage. The adder bites you.
You closely miss the adder. The adder closely misses you.
You closely miss the adder. The adder bites you. The adder barely misses you.
You hit the adder.
The adder is lightly wounded.
You feel sick. The adder bites you.
* * * LOW HITPOINT WARNING * * *
You are more poisoned.
The adder poisons you!
It was a potion of flight.
You feel very buoyant.
You fly up into the air.
The adder bites you.
* * * LOW HITPOINT WARNING * * *
The adder bites you.
* * * LOW HITPOINT WARNING * * *
It was a potion of might.
You feel very mighty all of a sudden.
You die...

## ...$.. .. #
###.... ... # #
#.....#.... #
.##.....#..
........< #.....#
### ### #..rK.#
... ..# #S# #.#
#####@# #.#
##.....# #.#
#...####
#.###...###
#######.#.......##
.................#
.########........#
...#######....##.#
.#............# .#


You could see an adder, a kobold and a rat.

Vanquished Creatures
  3 adders (D:2)
  A dart slug (D:2)
  A ball python (D:1)
  2 giant cockroaches (D:2)
  2 goblins (D:2)
  A hobgoblin (D:2)
  4 jackals (D:2)
  A kobold (D:1)
  A bat (D:2)
  A frilled lizard (D:1)
17 creatures vanquished.

Notes
Turn   | Place    | Note
-------+----------+-------------------------------------------
     0 | D:1      | Lanoc the Deep Elf Gladiator began the quest for the Orb.
     0 | D:1      | Reached XP level 1. HP: 12/12 MP: 3/3
   125 | D:2      | Reached XP level 2. HP: 14/17 MP: 4/4
   369 | D:2      | Reached skill level 4 in Dodging
   750 | D:2      | Reached XP level 3. HP: 15/21 MP: 5/5
  1236 | D:2      | HP: 1/21 [adder (3)]
  1237 | D:2      | Succumbed to an adder's poison

Illustrated notes

Levels and vault maps discovered:
D:1:      ncdulo_halloftheorcs, layout_loops_cross, minmay_misc_feat_enclosed
D:2:      layout_loops_ring, lemuel_zombie_altar_yredelemnul,
          chequers_serial_rivers_small_3, kennysheep_path_1,
          uniq_crazy_yiuf_cottage

Skill      XL: |  1  2 |
---------------+-------+-----
Dodging        | 4 |  4.2
Fighting       | 2 |  2.1
Staves         | |  3.8
Throwing       | |  2.0

Action                   || total
-------------------------++-------
Melee: Quarterstaff      ||    56
       Lajatang          ||     6
  Use: Potion            ||     2
 Stab: Sleeping          ||     3
Armor: Leather armour    ||    13
Dodge: Dodged            ||    39

Table legend: (Time is in decaauts)
 A = Elapsed time spent in this place.
 B = Non-inter-level travel time spent in this place.
 C = Inter-level travel time spent in this place.
 D = Time resting spent in this place.
 E = Time spent auto-exploring this place.
 F = Levels seen in this place.
 G = Mean time per level.
                   A        B        C        D        E       F      G
               +--------+--------+--------+--------+--------+-----+--------+
         Total |   1248 |   1245 |      3 |      0 |   1094 |   2 |  624.0 |
       Dungeon |   1248 |   1245 |      3 |      0 |   1094 |   2 |  624.0 |
               +--------+--------+--------+--------+--------+-----+--------+

Top non-repeatable levels by time:
     D:2: 1156 daAuts
     D:1: 91 daAuts
